 Dungeon Crawl Stone Soup version 0.17-a0-1078-g243345b (webtiles) character file.

1586 wvc the Spear-Bearer (level 8, -3/61 HPs)
             Began as a Pale Draconian Wanderer on May 18, 2015.
             Was a Priest of Okawaru.
             Slain by nago's ghost (14 damage)
             ... on level 6 of the Dungeon.
             The game lasted 00:14:13 (4400 turns).

wvc the Spear-Bearer (Pale Draconian Wanderer)      Turns: 4400, Time: 00:14:13

Health: -3/61      AC:  7    Str: 12    XL:     8   Next: 61%
Magic:  0/9        EV: 13    Int: 14    God:    Okawaru [***...]
Gold:   278        SH:  9    Dex: 14    Spells: 0 memorised, 9 levels left

rFire  . . .     SeeInvis .     a - +3 spear
rCold  . . .     Clarity  .     (armour unavailable)
rNeg   + . .     SustAb   .     y - +0 shield
rPois  .         Gourm    .     (helmet restricted)
rElec  .         Spirit   +     z - +0 cloak
rCorr  .         Warding  .     (no gloves)
rMut   .         Stasis   .     (no boots)
MR     +....                    n - amulet of guardian spirit
Stlth  +++.......               w - ring of protection from magic
                                f - ring of positive energy

@: heroism, somewhat resistant to hostile enchantments, fairly stealthy
A: breathe steam, unfitting armour, cold-blooded, AC +6
a: Breathe Steam, Heroism, Renounce Religion


You were on level 6 of the Dungeon.
You worshipped Okawaru.
Okawaru was most pleased with you.
You were not hungry.

You visited 2 branches of the dungeon, and saw 7 of its levels.

You collected 278 gold pieces.

Inventory:

Hand weapons
 a - a +3 spear (weapon)
 o - a +0 blowgun
Missiles
 l - 56 poisoned needles
Armour
 j - a +0 large shield
 y - a +0 shield (worn)
 z - a +0 cloak (worn)
Jewellery
 f - a ring of positive energy (left hand)
 n - an amulet of guardian spirit (around neck)
 w - a ring of protection from magic (right hand)
Magical devices
 i - a wand of frost (14)
 k - a wand of confusion (43)
 x - a wand of frost (17)
 A - a wand of teleportation (3)
Scrolls
 b - 3 scrolls of teleportation
 g - a scroll of enchant weapon
 m - a scroll of recharging
Potions
 d - a potion of brilliance
 h - a potion of resistance {unknown}
 p - a potion of agility {unknown}
 q - a potion of invisibility
 r - 3 potions of poison {unknown}
 s - a potion of might
 t - a potion of flight {unknown}
 u - 2 potions of haste {unknown}
 v - 3 potions of heal wounds {unknown}
Comestibles
 c - 5 bread rations


   Skills:
 - Level 2.1(7.1) Fighting
 + Level 10.9(15.9) Polearms
 - Level 1.0(6.0) Dodging
 + Level 0.6(5.6) Shields
 - Level 1.0 Spellcasting
   Level 1.0 Translocations
   Level 1.0 Transmutations
 + Level 1.6 Invocations
 - Level 2.1 Evocations


You had 9 spell levels left.
You didn't know any spells.

Dungeon Overview and Level Annotations

Branches:
Dungeon (6/15)             Temple (1/1) D:4

Altars:
Ashenzari
Dithmenos
Fedhas
Gozag
Kikubaaqudgha
Okawaru
Qazlal
Vehumet
The Shining One

Annotations:
D:6 nago's ghost, experienced DsGl


Innate Abilities, Weirdness & Mutations

You can breathe blasts of scalding, opaque steam.
Your pale cyan-grey scales are hard (AC +6).
Your body does not fit into most forms of armour.
You are cold-blooded and may be slowed by cold attacks.


Message History

You closely miss nago's ghost.
You tail-slap nago's ghost, but do no damage.
Nago's ghost is almost destroyed.
Nago's ghost misses you.
You miss nago's ghost.
Nago's ghost is almost destroyed.
You hit nago's ghost.
Your tail-slap misses nago's ghost.
Nago's ghost is almost destroyed.
Nago's ghost hits you!
* * * LOW HITPOINT WARNING * * *
You hit nago's ghost but do no damage.
Your tail-slap misses nago's ghost.
Nago's ghost is almost destroyed.
Nago's ghost hits you!
* * * LOW HITPOINT WARNING * * *
Your shield prevents you from hitting nago's ghost.
Nago's ghost is almost destroyed.
You have got your breath back.
Drink which item? (? for menu, Esc to quit)
You feel better. Nago's ghost hits you!
You die...

#..................#
##
##########.######..#
#.. #.# #<.# #(# #.#
#W.# #.# #.## #.# #..#
#.# #... #.# #..# #.#
#.## #.#
#..###.#####.##
#.######.............#
#....@W.(..##.##.##>..
########.#.##.##.#....
#.###...........
##.#.##........#
#..........#####
##.######### ###


You could see nago's ghost.

Vanquished Creatures
  Pikel (D:5)
  Sigmund (D:3)
  Eustachio (D:6)
  A phantom (D:4)
  An ice beast (D:6)
  An ogre (D:5)
  A giant frog (D:6)
  A scorpion (D:6)
  A crimson imp (D:5)
  A centaur skeleton (D:4)
  A giant frog skeleton (D:4)
  2 hounds
  A jelly (D:6)
  A gnoll shaman (D:6)
  2 worker ants (D:5)
  A hound skeleton (D:5)
  6 adders
  5 gnolls (D:6)
  A river rat (D:6)
  A shadow imp (D:6)
  An ooze (D:1)
  An adder zombie (D:6)
  A worm (D:4)
  4 giant geckos
  6 orcs
  A ball python (D:2)
  A giant cockroach (D:3)
  5 hobgoblins
  8 jackals
  7 quokkas
  14 bats
  5 giant newts
  7 goblins
  A jackal skeleton (D:4)
  12 kobolds
  13 rats
118 creatures vanquished.

Vanquished Creatures (others)
  A kobold (D:5)
1 creature vanquished.

Grand Total: 119 creatures vanquished

Notes
Turn   | Place    | Note
--------------------------------------------------------------
     0 | D:1      | wvc the Draconian Wanderer began the quest for the Orb.
     0 | D:1      | wvc set off with: a +2 spear, 2 scrolls of teleportation, a bread ration
     0 | D:1      | Reached XP level 1. HP: 17/17 MP: 2/2
   179 | D:1      | Reached XP level 2. HP: 22/24 MP: 3/3
   545 | D:1      | Reached skill level 4 in Polearms
   614 | D:1      | Reached XP level 3. HP: 20/29 MP: 4/4
   955 | D:2      | Found an iron altar of Okawaru.
   971 | D:2      | Became a worshipper of Warmaster Okawaru
  1090 | D:2      | Reached skill level 1 in Dodging
  1408 | D:3      | Noticed Sigmund
  1427 | D:3      | Killed Sigmund
  1427 | D:3      | Acquired Okawaru's first power
  1427 | D:3      | Reached skill level 6 in Polearms
  1427 | D:3      | Reached XP level 4. HP: 32/36 MP: 5/5
  1427 | D:3      | Reached XP level 5. HP: 36/41 MP: 6/6
  1971 | D:3      | Found an ancient bone altar of Kikubaaqudgha.
  2081 | D:4      | Reached XP level 6. HP: 48/48 MP: 4/7
  2139 | D:4      | Found a radiant altar of Vehumet.
  2424 | D:4      | Noticed a phantom
  2440 | D:4      | Killed a phantom
  2440 | D:4      | Reached skill level 7 in Polearms
  2716 | D:4      | Found a staircase to the Ecumenical Temple.
  2729 | Temple   | Entered the Ecumenical Temple
  3003 | D:5      | Entered Level 5 of the Dungeon
  3075 | D:5      | Your scales start taking on a pale cyan-grey colour.
  3075 | D:5      | Reached XP level 7. HP: 55/55 MP: 8/8
  3238 | D:5      | Reached skill level 8 in Polearms
  3526 | D:5      | Noticed Pikel
  3564 | D:5      | Killed Pikel
  3564 | D:5      | Reached skill level 9 in Polearms
  3564 | D:5      | Reached skill level 1 in Invocations
  3564 | D:5      | Reached XP level 8. HP: 44/61 MP: 7/9
  3765 | D:5      | Found a glowing golden altar of the Shining One.
  3991 | D:6      | Reached skill level 10 in Polearms
  4058 | D:6      | Found a shattered altar of Ashenzari.
  4102 | D:6      | Noticed Eustachio
  4151 | D:6      | Killed Eustachio
  4351 | D:6      | Noticed nago's ghost (experienced DsGl)
  4398 | D:6      | HP: 1/61 [nago's ghost (11)]
  4400 | D:6      | Slain by nago's ghost

Vault maps used:
D:1:      lemuel_arrival_funnel, moated_statue
D:2:      okawaru_gym_becter
D:3:      kiku_gazebo_pond_becter, minmay_misc_feat_square, uniq_sigmund
D:4:      nicolae_overflow_crystal_walls, minmay_temple_entry_fiery
D:5:      overflow_temple_1_default, first_bread, uniq_pikel
D:6:      cheibrodos_ashenzari_chains, minivault_26, uniq_eustachio
Temple:   temple_eino_lava_12

Action                   |  1- 3 |  4- 6 |  7- 9 || total
-------------------------+-------+-------+-------++-------
Melee: Spear             |   157 |   165 |   181 ||   503
 Fire: Blowgun           |       |       |    11 ||    11
Invok: Heroism           |       |     1 |     2 ||     3
 Abil: Breathe Steam     |       |       |     5 ||     5
Evoke: Wand              |     3 |     2 |       ||     5
  Use: Scroll            |     5 |     3 |     2 ||    10
       Potion            |       |       |     1 ||     1
 Stab: Confused          |     3 |       |       ||     3
       Sleeping          |       |     2 |     2 ||     4
  Eat: Chunk             |     2 |     3 |     4 ||     9
       Royal jelly       |       |     1 |       ||     1
       Pizza             |       |       |     1 ||     1
       Beef jerky        |       |       |     1 ||     1
